 Dungeon Crawl Stone Soup version 0.19.1-1-g22dce08 (webtiles) character file.

4070 theAP the Destroyer (level 10, 0/50 HPs)
             Began as a Deep Elf Conjurer on Jan 7, 2017.
             Was a Believer of Vehumet.
             Slain by Grum
             ... wielding a -1 glaive
              (15 damage)
             ... on level 8 of the Dungeon.
             The game lasted 00:42:51 (9354 turns).

theAP the Destroyer (Deep Elf Conjurer)             Turns: 9354, Time: 00:42:52

Health: 0/50       AC:  9    Str:  5    XL:     10   Next: 5%
Magic:  2/26       EV: 14    Int: 24    God:    Vehumet [**....]
Gold:   198        SH:  0    Dex: 15    Spells: 7 memorised, 10 levels left

rFire  . . .     SeeInvis .     M - +0 quarterstaff
rCold  . . .     Gourm    .     a - +0 robe
rNeg   . . .     Faith    .     (shield currently unavailable)
rPois  .         Spirit   .     g - +0 helmet
rElec  .         Reflect  .     s - +2 cloak
rCorr  +         Harm     .     h - +2 pair of gloves
MR     +....                    (no boots)
Stlth  ++........               (no amulet)
                                L - +1 ring of evasion
                                j - ring of resist corrosion

@: no status effects
A: no striking features
a: Renounce Religion


You were on level 8 of the Dungeon.
You worshipped Vehumet.
Vehumet was pleased with you.
You were not hungry.

You visited 2 branches of the dungeon, and saw 9 of its levels.

You collected 478 gold pieces.
You spent 280 gold pieces at shops.

Inventory:

Hand Weapons
 M - a +0 quarterstaff (weapon)
Armour
 a - a +0 robe (worn)
 g - a +0 helmet (worn)
 h - a +2 pair of gloves (worn)
 r - +0 shadow dragon scales
 s - a +2 cloak (worn)
Jewellery
 j - a ring of resist corrosion (left hand)
 L - a +1 ring of evasion (right hand)
Wands
 u - a wand of flame (14/48)
 D - a wand of polymorph (7/24)
 G - a wand of lightning (7/15)
 I - a wand of iceblast (9/15)
 N - a wand of confusion (16/48)
 O - a wand of flame (17/48)
Scrolls
 e - 2 scrolls of amnesia
 l - 3 scrolls of remove curse
 p - 4 scrolls of recharging
 t - 4 scrolls of teleportation
 y - 2 scrolls of fear
Potions
 f - a potion of invisibility
 i - 3 potions of curing
 k - a potion of cure mutation
 m - 2 potions of heal wounds
 n - a potion of brilliance
 o - a potion of resistance {unknown}
 v - 5 potions of lignification
 x - a potion of flight {unknown}
 z - a potion of haste
 C - a potion of degeneration {unknown}
 F - 2 potions of might
Books
 b - a book of Conjurations

   Spells                             Type                      Level
   a - Magic Dart                     Conjuration                  1
   b - Searing Ray                    Conjuration                  2
   c - Dazzling Spray                 Conjuration/Hexes            3
   d - Fulminant Prism                Conjuration/Hexes            4
   e - Iskenderun's Mystic Blast      Conjuration                  4
   f - Iskenderun's Battlesphere      Conjuration/Charms           5
 w - a book of Misfortune

   Spells                             Type                      Level
   a - Confusing Touch                Hexes                        1
   b - Confuse                        Hexes                        3
   c - Gell's Gravitas                Hexes/Translocation          3
   d - Petrify                        Transmutation/Earth          4
   e - Metabolic Englaciation         Hexes/Ice                    5
   f - Yara's Violent Unravelling     Hexes/Transmutation          5
 A - a book of Callings

   Spells                             Type                      Level
   a - Summon Small Mammal            Summoning                    1
   b - Call Imp                       Summoning                    2
   c - Call Canine Familiar           Summoning                    3
   d - Summon Guardian Golem          Hexes/Summoning              3
   e - Summon Lightning Spire         Summoning/Air                4
   f - Summon Ice Beast               Ice/Summoning                4
 B - a book of Frost

   Spells                             Type                      Level
   a - Freeze                         Ice                          1
   b - Throw Frost                    Conjuration/Ice              2
   c - Ozocubu's Armour               Charms/Ice                   3
   d - Throw Icicle                   Conjuration/Ice              4
   e - Summon Ice Beast               Ice/Summoning                4
 H - a book of Cantrips

   Spells                             Type                      Level
   a - Confusing Touch                Hexes                        1
   b - Animate Skeleton               Necromancy                   1
   c - Summon Small Mammal            Summoning                    1
   d - Apportation                    Translocation                1
Miscellaneous
 J - a crystal ball of energy
Comestibles
 c - 9 bread rations
 d - 2 meat rations
 E - 6 beef jerkies


   Skills:
 - Level 0.1 Fighting
 - Level 2.4 Dodging
 - Level 2.5 Stealth
 - Level 2.1 Unarmed Combat
 + Level 10.5 Spellcasting
 * Level 12.2 Conjurations
 - Level 3.2 Charms
 - Level 3.5 Ice Magic
 + Level 2.8 Evocations


You had 10 spell levels left.
You knew the following spells:

 Your Spells              Type           Power        Failure   Level  Hunger
a - Magic Dart            Conj           ####         1%          1    None
b - Searing Ray           Conj           ######       1%          2    None
c - Iskenderun's Mystic   Conj           ######..     1%          4    None
d - Iskenderun's Battles  Conj/Chrm      #####...     8%          5    ####...
e - Confusing Touch       Hex            ##....       6%          1    None
f - Throw Icicle          Conj/Ice       ######..     1%          4    None
g - Ozocubu's Armour      Chrm/Ice       ####....     4%          3    None


Dungeon Overview and Level Annotations

Branches:
Dungeon (8/15)             Temple (1/1) D:4
   Lair: D:8-11

Altars:
Dithmenos
Fedhas
Gozag
Hepliaklqana
Nemelex Xobeh
Okawaru
Qazlal
Sif Muna
Uskayaw
Vehumet
Xom
Yredelemnul
The Shining One

Shops:
D:5 }   D:7 %   D:8 %?*

Annotations:
D:8 Grum


Message History

Your battlesphere expends the last of its energy and dissipates.
Grum closely misses you. Grum closely misses you.
There is a large open door here.
There is a large open door here.
Grum hits you from afar with a glaive!
Casting: Iskenderun's Mystic Blast
Confirm with . or Enter, or press ? or * to list all spells.
Aiming: Iskenderun's Mystic Blast
Press: ? - help, Shift-Dir - straight line, f/p - Grum
Aim: Grum, wielding a glaive and wearing an animal skin (heavily wounded)
The orb of energy hits Grum.
Grum is almost dead.
Grum glances around and shouts, "Junior!
Here boy!"
A scorpion comes into view.
Grum hits you from afar with a glaive!!
Ouch! That really hurt!
* * * LOW HITPOINT WARNING * * *
Grum hits you from afar with a glaive!
You die...

..)............#.# #...##.####.#
...............#.# ###.#.......#
#########'####....# #.#########
..## ####'####.#### #.#
#..###.......#...# #.#
.............###'### #.#
...................## #.#
....................###'#########
###'##..........@...#............
###'##......(....<..#............
.....#........g.....#............
.†...###.....).....##............
∩....# #...........##.....#######
####..##...........######.#
#.##...........# #.#
#.##.....####### #.#
####..#.....# ####.#


You could see Grum.

Vanquished Creatures
  Maurice (D:8)
  Joseph (D:8)
  Prince Ribbit (D:5)
  Sigmund (D:3)
  The ghost of Alarkh the Chopper, an amateur DsMo (D:4)
  A black bear (D:6)
  2 orc warriors (D:7)
  3 ice beasts
  2 ogres
  3 phantoms
  A centaur (D:5)
  4 wolves (D:8)
  2 big kobolds
  2 bullfrogs
  5 killer bees (D:7)
  A centaur zombie (D:5)
  A bullfrog zombie (D:6)
  A quasit (D:7)
  A gnoll shaman (D:5)
  6 hounds
  2 jellies
  7 orc priests
  A centaur skeleton (D:3)
  2 iguanas (D:6)
  2 orc wizards
  3 worker ants
  A hound zombie (D:7)
  8 gnolls
  6 adders
  A shadow imp (D:8)
  An ooze (D:1)
  4 worms
  2 dart slugs
  7 leopard geckos
  15 orcs
  10 giant cockroaches
  8 goblins
  8 hobgoblins
  6 jackals
  18 kobolds
  2 quokkas
  9 bats
  8 frilled lizards
  8 rats
  A spectral orc (D:5)
180 creatures vanquished.

Notes
Turn   | Place    | Note
-------+----------+-------------------------------------------
     0 | D:1      | theAP the Deep Elf Conjurer began the quest for the Orb.
     0 | D:1      | Reached XP level 1. HP: 10/10 MP: 6/6
   225 | D:1      | Reached XP level 2. HP: 15/15 MP: 4/8
   572 | D:1      | Reached skill level 5 in Conjurations
   649 | D:1      | Reached XP level 3. HP: 19/19 MP: 7/10
  1209 | D:2      | Learned a level 2 spell: Searing Ray
  1491 | D:2      | Reached XP level 4. HP: 24/24 MP: 4/12
  1985 | D:2      | Found a sparkling altar of Nemelex Xobeh.
  2175 | D:2      | Found a hide-covered altar of Uskayaw.
  2175 | D:2      | Found a hazy altar of Hepliaklqana.
  2216 | D:3      | Noticed a phantom
  2244 | D:3      | Killed a phantom
  2244 | D:3      | Reached skill level 5 in Spellcasting
  2244 | D:3      | Reached skill level 6 in Conjurations
  2244 | D:3      | Reached XP level 5. HP: 28/28 MP: 0/14
  2592 | D:3      | Found an iron altar of Okawaru.
  3054 | D:3      | Learned a level 4 spell: Iskenderun's Mystic Blast
  3108 | D:3      | Noticed Sigmund
  3113 | D:3      | Killed Sigmund
  3113 | D:3      | Reached skill level 7 in Conjurations
  3113 | D:3      | Reached XP level 6. HP: 32/32 MP: 4/17
  3558 | D:4      | Noticed Alarkh's ghost (amateur DsMo)
  3565 | D:4      | Killed Alarkh's ghost
  3565 | D:4      | Reached XP level 7. HP: 36/36 MP: 5/18
  3687 | D:4      | Reached skill level 8 in Conjurations
  3924 | D:4      | Found a staircase to the Ecumenical Temple.
  3932 | Temple   | Entered the Ecumenical Temple
  3969 | Temple   | Became a worshipper of Vehumet
  4136 | D:4      | HP: 1/36 [orc priest/divine providence (12)]
  4597 | D:5      | Entered Level 5 of the Dungeon
  4606 | D:5      | Found a blossoming altar of Fedhas.
  4796 | D:5      | Learned a level 5 spell: Iskenderun's Battlesphere
  4824 | D:5      | Found Zanotusm's Gadget Emporium.
  5087 | D:5      | Learned a level 1 spell: Confusing Touch
  5103 | D:5      | Noticed Prince Ribbit
  5143 | D:5      | Reached skill level 9 in Conjurations
  5183 | D:5      | Reached XP level 8. HP: 41/41 MP: 13/21
  5198 | D:5      | Reached skill level 1 in Unarmed Combat
  5353 | D:5      | Found a basalt altar of Yredelemnul.
  5485 | D:5      | Killed Prince Ribbit
  6074 | D:6      | Reached skill level 10 in Conjurations
  6080 | D:6      | Learned a level 4 spell: Throw Icicle
  6084 | D:6      | Learned a level 3 spell: Ozocubu's Armour
  6167 | D:6      | Reached * piety under Vehumet
  6167 | D:6      | Offered knowledge of Sandblast by Vehumet.
  6236 | D:6      | Reached skill level 1 in Charms
  6862 | D:6      | Found a shimmering altar of Xom.
  7318 | D:7      | Reached skill level 1 in Ice Magic
  7318 | D:7      | Reached XP level 9. HP: 45/45 MP: 17/24
  7322 | D:7      | Offered knowledge of Shock by Vehumet.
  7324 | D:7      | Reached ** piety under Vehumet
  7886 | D:7      | Reached skill level 11 in Conjurations
  8653 | D:7      | Found Finan's Food Boutique.
  8800 | D:8      | Found Ripniati's General Store.
  8804 | D:8      | Bought a crystal ball of energy for 280 gold pieces
  8881 | D:8      | Noticed Joseph
  8888 | D:8      | Killed Joseph
  8888 | D:8      | Reached skill level 10 in Spellcasting
  8888 | D:8      | Reached skill level 1 in Evocations
  9061 | D:8      | Found Jinnemau's Magic Scroll Shoppe.
  9061 | D:8      | Noticed Maurice
  9150 | D:8      | Killed Maurice
  9150 | D:8      | Reached skill level 12 in Conjurations
  9319 | D:8      | Found Uteqan's Food Boutique.
  9329 | D:8      | Noticed Grum
  9331 | D:8      | Reached XP level 10. HP: 50/50 MP: 12/26
  9332 | D:8      | Offered knowledge of Static Discharge by Vehumet.
  9354 | D:8      | Slain by Grum

Skill      XL: |  1  2  3  4  5  6  7  8  9 |
---------------+----------------------------+-----
Conjurations   | 5 6 7 9 10 12 | 12.2
Spellcasting   | 4 5 6 7 9 10 | 10.5
Unarmed Combat | 2 |  2.1
Charms         | 3 |  3.2
Ice Magic      | 1 3 |  3.5
Evocations     | 2 |  2.8
Fighting       | |  0.1
Dodging        | |  2.4
Stealth        | |  2.5

Action                   |  1- 3 |  4- 6 |  7- 9 | 10-12 || total
-------------------------+-------+-------+-------+-------++-------
Melee: Unarmed           |       |       |    12 |       ||    12
       Quarterstaff      |       |       |     1 |       ||     1
 Cast: Magic Dart        |    96 |    80 |    40 |       ||   216
       Searing Ray       |       |     5 |       |       ||     5
       Iskenderun's Myst |       |     3 |   144 |     5 ||   152
       Iskenderun's Batt |       |       |     9 |       ||     9
       Confusing Touch   |       |       |     1 |       ||     1
       Ozocubu's Armour  |       |       |     2 |       ||     2
Evoke: Wand              |       |       |     4 |       ||     4
  Use: Potion            |       |     2 |       |       ||     2
       Scroll            |       |     7 |    12 |       ||    19
  Eat: Chunk             |     1 |     7 |    10 |       ||    18
       Beef jerky        |       |       |     5 |       ||     5
       Pizza             |       |       |     1 |       ||     1
       Fruit             |       |       |     2 |       ||     2
       Meat ration       |       |       |     1 |       ||     1
Armor: Robe              |     6 |     2 |    20 |     3 ||    31
Dodge: Dodged            |    21 |     8 |    58 |     3 ||    90
